 Dungeon Crawl Stone Soup version 0.30-a0-847-g17996783a1 (webtiles) character file.

Game seed: 9675178882114409979

58 Dittersdorf the Trooper (level 4, -1/29 HPs)
             Began as a Gargoyle Fighter on Mar 3, 2023.
             Killed from afar by Grinder (13 damage)
             ... with a bolt of light
             ... on level 3 of the Dungeon.
             The game lasted 00:02:35 (1608 turns).

Dittersdorf the Trooper (Gargoyle Fighter)          Turns: 1608, Time: 00:02:36

Health: -1/29      AC: 10    Str: 22    XL:     4   Next: 2%
Magic:  4/4        EV:  9    Int:  8    God:
Gold:   199        SH:  0    Dex:  9    Spells: 3/3 levels left

rFire   . . .      SeeInvis .    a - +0 flail
rCold   . . .      Faith    .    c - +0 buckler
rNeg    + . .      Spirit   .    b - +0 scale mail
rPois   ∞          Reflect  .    (no helmet)
rElec   +          Rampage  .    (no cloak)
rCorr   .                        (no gloves)
Will    .....                    (no boots) Stlth
                                 (no amulet)
HPRegen 0.24/turn                n - ring of wizardry
MPRegen 0.09/turn                (no ring)

@: confused
A: sickness immunity, AC +3, negative energy resistance 1, electricity
resistance, torment resistance 1, petrification resistance
a: no special abilities


You were on level 3 of the Dungeon.
You visited 1 branch of the dungeon, and saw 3 of its levels.

You collected 199 gold pieces.

Inventory:

Hand Weapons
 a - a +0 flail (weapon)
Armour
 b - a +0 scale mail (worn)
 c - a +0 buckler (worn)
Jewellery
 n - a ring of wizardry (left hand)
Scrolls
 e - a scroll of silence {unknown}
 j - 2 scrolls of identify {unknown}
 k - 2 scrolls of amnesia {unknown}
Potions
 d - a potion of might
 f - 2 potions of curing {unknown}
 g - 4 potions of haste {unknown}
 h - a potion of degeneration {unknown}
 i - a potion of mutation {unknown}
 l - a potion of invisibility {unknown}
 m - a potion of brilliance {unknown}


   Skills:
 + Level 3.9 Fighting
 + Level 2.6 Maces & Flails
 + Level 3.8 Armour
 + Level 3.8 Shields


You had 3 spell levels left.
You didn't know any spells.
Your spell library contained the following spells:

 Spells                   Type           Power      Damage    Failure   Level
 Gell's Gravitas          Tloc           0%         N/A       83%         3
 Teleport Other           Tloc           0%         N/A       83%         3
 Dispersal                Tloc           0%         N/A       100%        6


Dungeon Overview and Level Annotations

Branches:
Dungeon (3/15)

Altars:

Shops:
D:2 =   D:3 ?

Annotations:
D:3 1 transporter, Grinder


Innate Abilities, Weirdness & Mutations

You are immune to sickness and miasma.
Your stone body is resilient. (AC +3)
You are immune to poison.
You resist negative energy. (rN+)
You are resistant to electric shocks. (rElec)
You are resistant to unholy torment.
You are immune to petrification.


Message History

You start resting.
HP restored.
You climb downwards.
Level annotation: 1 transporter, Grinder
There is a stone staircase leading up here.
Grinder zaps a wand.
The bolt of light misses you.
You see here a ring of wizardry.
n - a ring of wizardry
n - a ring of wizardry (left hand)
You thump Grinder!
Grinder is moderately wounded.
You block Grinder's attack.
You completely miss Grinder.
Grinder is moderately wounded.
Grinder hits you but does no damage.
You sock Grinder!
Grinder is heavily wounded.
You block Grinder's attack.
Grinder blinks!
Grinder zaps a wand.
The bolt of light misses you. Grinder hits you but does no damage.
There is a stone staircase leading up here.
You hit Grinder.
Grinder is heavily wounded.
Grinder says, "Wait up."
Grinder gestures at you.
You suddenly lose the ability to move!
Grinder blinks!
Grinder zaps a wand.
The bolt of light hits you!
You can move again.
Grinder gestures at you. Pain shoots through your body!
You barely miss Grinder.
Grinder is heavily wounded.
Grinder gestures at you.
You barely resist. You hit Grinder but do no damage.
Grinder is heavily wounded.
Grinder zaps a wand.
The bolt of light hits you!
You are confused.
You die...

## .# ... #.#
#.########.####
#.......#....>## #
##.............#..
#...............#
#...............#
###..........5....#
#...........@.....#
#.............).....
#.∩.......<..##.....
##...#.....#..###....
###....########..###..#
##...#### #...## ##
#..### #....# #..##
#....# ....## #..(##


You could see Grinder.

Vanquished Creatures
  An adder (D:2)
  2 dart slugs (D:2)
  4 endoplasms
  A giant cockroach (D:1)
  7 goblins
  4 hobgoblins
  A quokka (D:2)
  6 ball pythons
  4 bats
  3 frilled lizards (D:1)
  6 kobolds
  3 rats (D:1)
42 creatures vanquished.

Notes
Turn   | Place    | Note
-------+----------+-------------------------------------------
     0 | D:1      | Dittersdorf the Gargoyle Fighter began the quest for the
                  | Orb.
     0 | D:1      | Reached XP level 1. HP: 14/14 MP: 1/1
   179 | D:1      | Reached XP level 2. HP: 15/19 MP: 2/2
   633 | D:1      | Reached XP level 3. HP: 23/23 MP: 3/3
   817 | D:2      | Found Otuch's Jewellery Emporium.
  1435 | D:3      | Found Neps's Magic Scroll Shoppe.
  1471 | D:3      | Found a transporter.
  1476 | D:3      | Noticed Grinder
  1507 | D:2      | Reached XP level 4. HP: 16/29 MP: 4/4
  1601 | D:3      | Paralysed by Grinder for 4 turns
  1608 | D:3      | Killed from afar by Grinder

Illustrated notes

Levels and vault maps discovered:
D:1:      shiori_arrival_whats_in_store_for_you, layout_loops_cross
D:2:      layout_loops_cross, serial_shops, nicolae_square_shop,
          kennysheep_generic_room_6
D:3:      gammafunk_wand_slinger, layout_rooms, serial_shops, shop_coins,
          minmay_misc_feat_encased, minivault_19, minmay_box_of_dots,
          uniq_grinder, uniq_sigmund

Action                     |  1- 3 |  4- 6 || total
---------------------------+-------+-------++-------
  Melee: Flail             |   100 |    19 ||   119
 Armour: Scale mail        |    63 |     9 ||    72
  Dodge: Dodged            |    52 |     8 ||    60
  Block: Buckler           |    25 |     4 ||    29

Table legend: (Time is in decaauts)
 A = Elapsed time spent in this place.
 B = Non-inter-level travel time spent in this place.
 C = Inter-level travel time spent in this place.
 D = Time resting spent in this place.
 E = Time spent auto-exploring this place.
 F = Levels seen in this place.
 G = Mean time per level.
                   A        B        C        D        E       F      G
               +--------+--------+--------+--------+--------+-----+--------+
         Total |   1647 |   1584 |     63 |     62 |   1184 |   3 |  549.0 |
       Dungeon |   1647 |   1584 |     63 |     62 |   1184 |   3 |  549.0 |
               +--------+--------+--------+--------+--------+-----+--------+

Top non-repeatable levels by time:
     D:1: 808 daAuts
     D:2: 736 daAuts
     D:3: 102 daAuts
